3L
SEATTLE ROCKETEERS @ BUCKHEAD BOWTIES
06/13/2038
 
TOP OF THE 1ST
Seattle Rocketeers batting - Pitching for Buckhead Bowties : LHP Dale Hamilton
Pitching: LHP Dale Hamilton
Batting: RHB Jurgen Flurgenburgen 0-0: Ball
1-0: Foul Ball, location: 2F
1-1: Swinging Strike
1-2: Ground out 4-3 (Groundball, 4, EV 80.6 MPH)
Batting: RHB Bogumil Tiwontschik 0-0: Foul Ball, location: 2F
0-1: Ball
1-1: Ball
2-1: Ball
3-1: Foul Ball, location: 2F
3-2: Strikes out swinging
Batting: RHB Meester Gobbles-Rooster 0-0: SINGLE (Groundball, 6D, EV 100.6 MPH)
Batting: RHB Claudio Tappen 0-0: Fly out, F9 (Flyball, 9LM, EV 90.0 MPH)
Top of the 1st over - 0 runs, 1 hit, 0 errors, 1 left on base; Seattle 0 - Buckhead 0
BOTTOM OF THE 1ST
Buckhead Bowties batting - Pitching for Seattle Rocketeers : RHP Alain Arnaud
Pitching: RHP Alain Arnaud
Batting: RHB Barsati Saraf 0-0: Fly out, F9 (Flyball, 9LM, EV 81.9 MPH)
Batting: LHB Jesús Encarnación 0-0: Foul Ball, location: 2F
0-1: Fly out, F8 (Flyball, 8LS, EV 84.4 MPH)
Batting: LHB Marcus Shill 0-0: Ball
1-0: Foul Ball, location: 2F
1-1: DOUBLE (Line Drive, 78M, EV 101.9 MPH)
Batting: LHB Shunso Kiyomizu 0-0: Ball
1-0: Ball
2-0: Swinging Strike
2-1: Called Strike
2-2: Foul Ball, location: 2F
2-2: Foul Ball, location: 2F
2-2: Foul Ball, location: 2F
2-2: Foul Ball, location: 2F
2-2: SINGLE (Groundball, 56S, EV 70.6 MPH) (infield hit)
Marcus Shill to third
Batting: RHB Emílio Agramónte 0-0: Called Strike
0-1: Ball
1-1: Ball
2-1: Ball
3-1: Foul Ball, location: 2F
3-2: Foul Ball, location: 2F
3-2: Foul Ball, location: 2F
3-2: Ground out 6-3 (Groundball, 56, EV 100.0 MPH)
Bottom of the 1st over - 0 runs, 2 hits, 0 errors, 2 left on base; Seattle 0 - Buckhead 0
TOP OF THE 2ND
Seattle Rocketeers batting - Pitching for Buckhead Bowties : LHP Dale Hamilton
Batting: RHB Alain Grosjean 0-0: Swinging Strike
0-1: Ball
1-1: Swinging Strike
1-2: Strikes out looking
Batting: RHB José Jarca 0-0: Ball
1-0: Foul Ball, location: 2F
1-1: Ground out 6-3 (Groundball, 56, EV 89.4 MPH)
Batting: RHB Andrés López 0-0: Ball
1-0: Ball
2-0: Ball
3-0: Called Strike
3-1: Called Strike
3-2: Base on Balls
Batting: LHB Juan Gutiérrez 0-0: Ball
1-0: Ball
2-0: Ball
3-0: Base on Balls
Andrés López to second
Batting: RHB Preston Johnston 0-0: Called Strike
0-1: Ball
1-1: Fly out, F2 (Popup, 23F, EV 87.5 MPH)
Top of the 2nd over - 0 runs, 0 hits, 0 errors, 2 left on base; Seattle 0 - Buckhead 0
BOTTOM OF THE 2ND
Buckhead Bowties batting - Pitching for Seattle Rocketeers : RHP Alain Arnaud
Batting: LHB Badry Maksimenov 0-0: Foul Ball, location: 2F
0-1: Ground out 4-3 (Groundball, 4, EV 93.1 MPH)
Batting: SHB Nuygen Vuong 0-0: Foul Ball, location: 2F
0-1: Called Strike
0-2: Ball
1-2: Ball
2-2: Foul Ball, location: 2F
2-2: Ball
3-2: SINGLE (Line Drive, 8LS, EV 108.8 MPH)
Batting: RHB Nick Bechtel 0-0: Called Strike
0-1: Grounds into double play, 6-4-3 (Groundball, 6, EV 80.0 MPH)
Bottom of the 2nd over - 0 runs, 1 hit, 0 errors, 0 left on base; Seattle 0 - Buckhead 0
TOP OF THE 3RD
Seattle Rocketeers batting - Pitching for Buckhead Bowties : LHP Dale Hamilton
Batting: RHB Jurgen Flurgenburgen 0-0: Called Strike
0-1: Ball
1-1: Swinging Strike
1-2: DOUBLE (Line Drive, 9LM, EV 108.1 MPH)
Batting: RHB Bogumil Tiwontschik 0-0: Ball
1-0: Ball
2-0: Fly out, F7 (Flyball, 7LM, EV 93.8 MPH)
Batting: RHB Meester Gobbles-Rooster 0-0: Ball
1-0: Ball
2-0: Ball
3-0: Base on Balls
Batting: RHB Claudio Tappen 0-0: Called Strike
0-1: Ball
1-1: Called Strike
1-2: Foul Ball, location: 2F
1-2: Ball
2-2: Ball
3-2: DOUBLE (Line Drive, 7LS, EV 113.1 MPH)
Jurgen Flurgenburgen scores
Meester Gobbles-Rooster to third
Batting: RHB Alain Grosjean 0-0: Fly out, F7 (Flyball, 78S, EV 87.5 MPH)
Batting: RHB José Jarca 0-0: Swinging Strike
0-1: Foul Ball, location: 2F
0-2: Ball
1-2: Ball
2-2: Ball
3-2: Fly out, F6 (Popup, 6, EV 75.6 MPH)
Top of the 3rd over - 1 run, 2 hits, 0 errors, 2 left on base; Seattle 1 - Buckhead 0
BOTTOM OF THE 3RD
Buckhead Bowties batting - Pitching for Seattle Rocketeers : RHP Alain Arnaud
Batting: SHB Henrique de Senna Fernandes 0-0: Called Strike
0-1: Ground out 5-3 (Groundball, 56S, EV 74.4 MPH)
Batting: RHB Barsati Saraf 0-0: Ball
1-0: Ball
2-0: Called Strike
2-1: Ground out 5-3 (Groundball, 5L, EV 83.1 MPH)
Batting: LHB Jesús Encarnación 0-0: Ball
1-0: Ball
2-0: Swinging Strike
2-1: Foul Ball, location: 2F
2-2: Ball
3-2: Base on Balls
Batting: LHB Marcus Shill 0-0: Ground out 4-3 (Groundball, 4, EV 100.0 MPH)
Bottom of the 3rd over - 0 runs, 0 hits, 0 errors, 1 left on base; Seattle 1 - Buckhead 0
TOP OF THE 4TH
Seattle Rocketeers batting - Pitching for Buckhead Bowties : LHP Dale Hamilton
Batting: RHB Andrés López 0-0: SINGLE (Flyball, 89S, EV 86.9 MPH)
Batting: LHB Juan Gutiérrez 0-0: Ball
1-0: Foul Ball, location: 2F
1-1: Ball
2-1: Ball
3-1: Called Strike
3-2: Foul Ball, location: 2F
3-2: SINGLE (Groundball, 6S, EV 70.6 MPH) (infield hit)
Andrés López to second
Batting: RHB Preston Johnston 0-0: Ball
1-0: Swinging Strike
1-1: Ball
2-1: Fly out, F7 (Flyball, 7LS, EV 91.9 MPH)
Batting: RHB Jurgen Flurgenburgen 0-0: Ball
1-0: Swinging Strike
1-1: Swinging Strike
1-2: Strikes out swinging
Batting: RHB Bogumil Tiwontschik 0-0: Ground out 4-3 (Groundball, 4, EV 106.9 MPH)
Top of the 4th over - 0 runs, 2 hits, 0 errors, 2 left on base; Seattle 1 - Buckhead 0
BOTTOM OF THE 4TH
Buckhead Bowties batting - Pitching for Seattle Rocketeers : RHP Alain Arnaud
Batting: LHB Shunso Kiyomizu 0-0: Fly out, F9 (Flyball, 89M, EV 96.9 MPH)
Batting: RHB Emílio Agramónte 0-0: Called Strike
0-1: Foul Ball, location: 2F
0-2: Fly out, F9 (Flyball, 9, EV 80.6 MPH)
Batting: LHB Badry Maksimenov 0-0: Foul Ball, location: 2F
0-1: Ground out 4-3 (Groundball, 4S, EV 83.8 MPH)
Bottom of the 4th over - 0 runs, 0 hits, 0 errors, 0 left on base; Seattle 1 - Buckhead 0
TOP OF THE 5TH
Seattle Rocketeers batting - Pitching for Buckhead Bowties : LHP Dale Hamilton
Batting: RHB Meester Gobbles-Rooster 0-0: Called Strike
0-1: Foul Ball, location: 2F
0-2: Ball
1-2: SINGLE (Groundball, 4MD, EV 100.6 MPH)
Batting: RHB Claudio Tappen 0-0: Called Strike
0-1: Ball
Wild Pitch!
Meester Gobbles-Rooster to second
1-1: Called Strike
1-2: SINGLE (Line Drive, 3D, EV 110.0 MPH)
Meester Gobbles-Rooster to third
Batting: RHB Alain Grosjean 0-0: Fly out, F7 (Flyball, 7S, EV 86.2 MPH)
Batting: RHB José Jarca 0-0: Ball
1-0: Ball
2-0: Foul Ball, location: 2F
2-1: Ball
3-1: Base on Balls
Claudio Tappen to second
Batting: RHB Andrés López 0-0: SINGLE (Flyball, 9S, EV 90.0 MPH)
Meester Gobbles-Rooster scores
Claudio Tappen to third
José Jarca to second
Runner from 3rd tries for Home, SAFE, throw by RF to home
Batting: LHB Juan Gutiérrez 0-0: Called Strike
0-1: Ball
1-1: Ball
2-1: Foul Ball, location: 2F
2-2: Strikes out looking
Pitching: RHP Omar Morales
Batting: RHB Preston Johnston 0-0: Called Strike
0-1: Swinging Strike
0-2: Strikes out swinging
Top of the 5th over - 2 runs, 3 hits, 0 errors, 2 left on base; Seattle 3 - Buckhead 0
BOTTOM OF THE 5TH
Buckhead Bowties batting - Pitching for Seattle Rocketeers : RHP Alain Arnaud
Batting: SHB Nuygen Vuong 0-0: Ball
1-0: Ball
2-0: Swinging Strike
2-1: Foul Ball, location: 2F
2-2: Ground out 4-3 (Groundball, 4, EV 98.8 MPH)
Batting: RHB Nick Bechtel 0-0: Called Strike
0-1: Ball
1-1: Ball
2-1: Swinging Strike
2-2: Foul Ball, location: 2F
2-2: Ball
3-2: SINGLE (Groundball, 4MD, EV 98.8 MPH)
Batting: SHB Henrique de Senna Fernandes 0-0: Ball
1-0: Called Strike
1-1: Foul Ball, location: 2F
1-2: Grounds into double play, 4-6-3 (Groundball, 4, EV 107.5 MPH)
Bottom of the 5th over - 0 runs, 1 hit, 0 errors, 0 left on base; Seattle 3 - Buckhead 0
TOP OF THE 6TH
Seattle Rocketeers batting - Pitching for Buckhead Bowties : RHP Omar Morales
Batting: RHB Jurgen Flurgenburgen 0-0: Foul Ball, location: 2F
0-1: Called Strike
0-2: Foul Ball, location: 2F
0-2: Strikes out swinging
Batting: RHB Bogumil Tiwontschik 0-0: Ball
1-0: Called Strike
1-1: Ball
2-1: Called Strike
2-2: Strikes out swinging
Batting: RHB Meester Gobbles-Rooster 0-0: Called Strike
0-1: Called Strike
0-2: Strikes out swinging
Top of the 6th over - 0 runs, 0 hits, 0 errors, 0 left on base; Seattle 3 - Buckhead 0
BOTTOM OF THE 6TH
Buckhead Bowties batting - Pitching for Seattle Rocketeers : RHP Alain Arnaud
Batting: RHB Barsati Saraf 0-0: Called Strike
0-1: SINGLE (Line Drive, 8LS, EV 100.6 MPH)
Batting: LHB Jesús Encarnación 0-0: Called Strike
0-1: Grounds into double play, 6-4-3 (Groundball, 6S, EV 84.4 MPH)
Batting: LHB Marcus Shill 0-0: Ball
1-0: Foul Ball, location: 2F
1-1: Foul Ball, location: 2F
1-2: SOLO HOME RUN (Line Drive, 9LD, EV 101.2 MPH), Distance : 347 ft
Batting: LHB Shunso Kiyomizu 0-0: Ball
1-0: Ball
2-0: Foul Ball, location: 2F
2-1: Fly out, F7 (Flyball, 7S, EV 81.9 MPH)
Bottom of the 6th over - 1 run, 2 hits, 0 errors, 0 left on base; Seattle 3 - Buckhead 1
TOP OF THE 7TH
Seattle Rocketeers batting - Pitching for Buckhead Bowties : RHP Omar Morales
Batting: RHB Claudio Tappen 0-0: Called Strike
0-1: Swinging Strike
0-2: Ball
1-2: Strikes out swinging
Batting: RHB Alain Grosjean 0-0: Ground out 4-3 (Groundball, 4, EV 90.6 MPH)
Batting: RHB José Jarca 0-0: Ground out 1-3 (Groundball, P, EV 91.9 MPH)
Top of the 7th over - 0 runs, 0 hits, 0 errors, 0 left on base; Seattle 3 - Buckhead 1
BOTTOM OF THE 7TH
Buckhead Bowties batting - Pitching for Seattle Rocketeers : RHP Alain Arnaud
Batting: RHB Emílio Agramónte 0-0: Ball
1-0: Fly out, F9 (Flyball, 89XD, EV 106.9 MPH)
Batting: LHB Badry Maksimenov 0-0: Foul Ball, location: 2F
0-1: Ball
1-1: Foul Ball, location: 2F
1-2: Ball
2-2: Ball
3-2: Ground out 6-3 (Groundball, 6M, EV 96.2 MPH)
Batting: SHB Nuygen Vuong 0-0: Ball
1-0: SINGLE (Groundball, 56D, EV 95.0 MPH)
Batting: RHB Nick Bechtel 0-0: Ball
1-0: Called Strike
1-1: Fly out, F9 (Line Drive, 9, EV 92.5 MPH)
Bottom of the 7th over - 0 runs, 1 hit, 0 errors, 1 left on base; Seattle 3 - Buckhead 1
TOP OF THE 8TH
Seattle Rocketeers batting - Pitching for Buckhead Bowties : RHP Omar Morales
Batting: RHB Andrés López 0-0: Called Strike
0-1: Ball
1-1: Ball
2-1: Foul Ball, location: 2F
2-2: Foul Ball, location: 2F
2-2: Strikes out looking
Batting: LHB Juan Gutiérrez 0-0: Called Strike
0-1: Ball
1-1: Foul Ball, location: 2F
1-2: Ball
2-2: Foul Ball, location: 2F
2-2: Ball
3-2: Strikes out swinging
Batting: RHB Preston Johnston 0-0: Ball
1-0: Fly out, F8 (Line Drive, 8RD, EV 82.5 MPH)
Top of the 8th over - 0 runs, 0 hits, 0 errors, 0 left on base; Seattle 3 - Buckhead 1
BOTTOM OF THE 8TH
Buckhead Bowties batting - Pitching for Seattle Rocketeers : RHP Alain Arnaud
Batting: SHB Henrique de Senna Fernandes 0-0: Foul Ball, location: 2F
0-1: Ball
1-1: Ball
2-1: Ball
3-1: Foul Ball, location: 2F
3-2: Base on Balls
Pitching: RHP Júlio Enríquez
Batting: RHB Barsati Saraf 0-0: Fly out, F4 (Line Drive, 4, EV 63.8 MPH)
Batting: LHB Jesús Encarnación 0-0: Called Strike
0-1: Ball
1-1: Ball
2-1: Swinging Strike
2-2: SINGLE (Groundball, 6MD, EV 96.2 MPH)
Henrique de Senna Fernandes to second
Runner from 2nd tries for 3rd, SAFE, no throw by CF
Batting: LHB Marcus Shill 0-0: Single, Error in OF, E9, batter to second base (Groundball, 4D, EV 100.6 MPH)
Henrique de Senna Fernandes scores
Jesús Encarnación to third
Batting: LHB Shunso Kiyomizu 0-0: Ball
1-0: Fly out, F5 (Popup, 5, EV 75.6 MPH)
Batting: RHB Emílio Agramónte 0-0: Called Strike
0-1: Ball
1-1: Ball
2-1: Swinging Strike
2-2: Foul Ball, location: 2F
2-2: Ball
Wild Pitch!
Jesús Encarnación scores
Marcus Shill to third
3-2: Base on Balls
Batting: LHB Badry Maksimenov 0-0: Ball
1-0: Ground out 4-3 (Groundball, 4, EV 91.9 MPH)
Bottom of the 8th over - 2 runs, 2 hits, 1 error, 2 left on base; Seattle 3 - Buckhead 3
TOP OF THE 9TH
Seattle Rocketeers batting - Pitching for Buckhead Bowties : RHP Omar Morales
Batting: RHB Jurgen Flurgenburgen 0-0: Swinging Strike
0-1: Called Strike
0-2: Ball
1-2: Ball
2-2: Strikes out swinging
Batting: RHB Bogumil Tiwontschik 0-0: Called Strike
0-1: Ball
1-1: Ball
2-1: Ball
3-1: Ground out 5-3 (Groundball, 56, EV 86.2 MPH)
Batting: RHB Meester Gobbles-Rooster 0-0: Foul Ball, location: 2F
0-1: Ball
1-1: Ball
2-1: Swinging Strike
2-2: SINGLE (Line Drive, 9S, EV 89.4 MPH)
Pitching: LHP Yajirobei Otomo
Batting: RHB Claudio Tappen 0-0: Called Strike
0-1: Ball
1-1: Fly out, F5 (Popup, 5SF, EV 75.6 MPH)
Top of the 9th over - 0 runs, 1 hit, 0 errors, 1 left on base; Seattle 3 - Buckhead 3
BOTTOM OF THE 9TH
Buckhead Bowties batting - Pitching for Seattle Rocketeers : RHP Júlio Enríquez
Batting: SHB Nuygen Vuong 0-0: Foul Ball, location: 2F
0-1: Called Strike
0-2: Ball
1-2: Ball
2-2: Ground out U3 (Groundball, 3L, EV 78.1 MPH)
Batting: RHB Nick Bechtel 0-0: Ball
1-0: Foul Ball, location: 2F
1-1: Ball
2-1: Called Strike
2-2: Strikes out swinging
Batting: SHB Henrique de Senna Fernandes 0-0: Ground out 4-3 (Groundball, 4, EV 87.5 MPH)
Bottom of the 9th over - 0 runs, 0 hits, 0 errors, 0 left on base; Seattle 3 - Buckhead 3
TOP OF THE 10TH
Seattle Rocketeers batting - Pitching for Buckhead Bowties : LHP Yajirobei Otomo
Batting: RHB Alain Grosjean 0-0: Ball
1-0: Ball
2-0: Ball
3-0: Base on Balls
Batting: RHB José Jarca 0-0: Bunt missed!
0-1: Sac Bunt to 23 - play at second, runner OUT! 3-6
Batting: RHB Andrés López 0-0: Swinging Strike
0-1: Foul Ball, location: 2F
0-2: Ball
1-2: Foul Ball, location: 2F
1-2: Strikes out swinging
Pinch Hitting: SHB Brian Burt 0-0: Called Strike
0-1: Ball
1-1: Called Strike
1-2: Foul Ball, location: 2F
1-2: SINGLE (Groundball, 6MD, EV 97.5 MPH)
José Jarca to second
Batting: RHB Preston Johnston 0-0: Called Strike
0-1: Called Strike
0-2: Ball
1-2: Fly out, F8 (Line Drive, 8RM, EV 93.8 MPH)
Top of the 10th over - 0 runs, 1 hit, 0 errors, 2 left on base; Seattle 3 - Buckhead 3
BOTTOM OF THE 10TH
Buckhead Bowties batting - Pitching for Seattle Rocketeers : RHP Júlio Enríquez
Pitching: RHP Dragutin Petrovic
Now in CF: Thierry Honoré
Batting: RHB Barsati Saraf 0-0: Called Strike
0-1: Called Strike
0-2: Ball
1-2: Foul Ball, location: 2F
1-2: Strikes out swinging
Batting: LHB Jesús Encarnación 0-0: Ball
1-0: Swinging Strike
1-1: Called Strike
1-2: Strikes out swinging
Batting: LHB Marcus Shill 0-0: Called Strike
0-1: Ball
1-1: Swinging Strike
1-2: Ball
2-2: Foul Ball, location: 2F
2-2: Ball
3-2: Foul Ball, location: 2F
3-2: Foul Ball, location: 2F
3-2: Fly out, F1 (Line Drive, P, EV 62.5 MPH)
Bottom of the 10th over - 0 runs, 0 hits, 0 errors, 0 left on base; Seattle 3 - Buckhead 3
TOP OF THE 11TH
Seattle Rocketeers batting - Pitching for Buckhead Bowties : LHP Yajirobei Otomo
Pitching: RHP Brian Fixel
Batting: RHB Jurgen Flurgenburgen 0-0: SINGLE (Groundball, 4M, EV 105.0 MPH) (infield hit)
Batting: RHB Bogumil Tiwontschik 0-0: Ball
1-0: Foul Ball, location: 2F
1-1: Ball
2-1: Ball
3-1: Fly out, F9 (Flyball, 9D, EV 92.5 MPH)
Runner from 1st tags up, SAFE at 2nd
Batting: RHB Meester Gobbles-Rooster 0-0: Called Strike
0-1: Ball
1-1: Called Strike
Jurgen Flurgenburgen is caught stealing 3rd base 2-5
1-2: Ground out 5-3 (Groundball, 56S, EV 60.6 MPH)
Top of the 11th over - 0 runs, 1 hit, 0 errors, 0 left on base; Seattle 3 - Buckhead 3
BOTTOM OF THE 11TH
Buckhead Bowties batting - Pitching for Seattle Rocketeers : RHP Dragutin Petrovic
Batting: LHB Shunso Kiyomizu 0-0: Called Strike
0-1: Ground out 4-3 (Groundball, 4, EV 109.4 MPH)
Batting: RHB Emílio Agramónte 0-0: Called Strike
0-1: Foul Ball, location: 2F
0-2: Foul Ball, location: 2F
0-2: Ball
1-2: Strikes out swinging
Batting: LHB Badry Maksimenov 0-0: Foul Ball, location: 2F
0-1: SINGLE (Groundball, 4, EV 107.5 MPH) (infield hit)
Batting: SHB Nuygen Vuong 0-0: Ball
1-0: Swinging Strike
1-1: Ball
2-1: Ball
3-1: Ground out 4-3 (Groundball, 34D, EV 106.2 MPH)
Bottom of the 11th over - 0 runs, 1 hit, 0 errors, 1 left on base; Seattle 3 - Buckhead 3
TOP OF THE 12TH
Seattle Rocketeers batting - Pitching for Buckhead Bowties : RHP Brian Fixel
Batting: RHB Claudio Tappen 0-0: Ground out 4-3 (Groundball, 4, EV 88.1 MPH)
Batting: RHB Alain Grosjean 0-0: Foul Ball, location: 2F
0-1: Swinging Strike
0-2: Strikes out swinging
Batting: RHB José Jarca 0-0: Ball
1-0: Swinging Strike
1-1: Foul Ball, location: 2F
1-2: Ball
2-2: Foul Ball, location: 2F
2-2: Strikes out swinging
Top of the 12th over - 0 runs, 0 hits, 0 errors, 0 left on base; Seattle 3 - Buckhead 3
BOTTOM OF THE 12TH
Buckhead Bowties batting - Pitching for Seattle Rocketeers : RHP Dragutin Petrovic
Pitching: LHP Kenny Luker
Batting: RHB Nick Bechtel 0-0: Foul Ball, location: 2F
0-1: Ball
1-1: Foul Ball, location: 2F
1-2: Ground out 5-3 (Groundball, 56S, EV 81.9 MPH)
Batting: SHB Henrique de Senna Fernandes 0-0: Ball
1-0: Foul Ball, location: 2F
1-1: Ball
2-1: Fly out, F8 (Flyball, 8RS, EV 90.6 MPH)
Batting: RHB Barsati Saraf 0-0: Ground out 5-3 (Groundball, 56, EV 98.1 MPH)
Bottom of the 12th over - 0 runs, 0 hits, 0 errors, 0 left on base; Seattle 3 - Buckhead 3
TOP OF THE 13TH
Seattle Rocketeers batting - Pitching for Buckhead Bowties : RHP Brian Fixel
Batting: RHB Andrés López 0-0: Ball
1-0: Ball
2-0: SINGLE (Line Drive, 34, EV 105.6 MPH)
Batting: LHB Thierry Honoré 0-0: Bunted foul
0-1: Bunted foul
0-2: SINGLE (Groundball, 34D, EV 98.8 MPH)
Andrés López to second
Runner from 2nd tries for 3rd, SAFE, no throw by RF
Batting: RHB Preston Johnston 0-0: Called Strike
0-1: Ball
1-1: Called Strike
1-2: Ball
2-2: Strikes out swinging
Batting: RHB Jurgen Flurgenburgen 0-0: Ball
1-0: Fly out, F9 (Flyball, 89XD, EV 103.1 MPH)
Runner from 3rd tags up, SCORES, no throw by RF
Batting: RHB Bogumil Tiwontschik 0-0: Foul Ball, location: 2F
0-1: Ball
1-1: Swinging Strike
1-2: Strikes out swinging
Top of the 13th over - 1 run, 2 hits, 0 errors, 1 left on base; Seattle 4 - Buckhead 3
BOTTOM OF THE 13TH
Buckhead Bowties batting - Pitching for Seattle Rocketeers : LHP Kenny Luker
Batting: LHB Jesús Encarnación 0-0: Ball
1-0: Foul Ball, location: 2F
1-1: SINGLE (Groundball, 6MD, EV 100.0 MPH)
Batting: LHB Marcus Shill 0-0: Swinging Strike
0-1: Swinging Strike
0-2: Ball
1-2: Ball
2-2: Ball
3-2: Base on Balls
Jesús Encarnación to second
Batting: LHB Shunso Kiyomizu 0-0: Ball
1-0: Hit by Pitch
Jesús Encarnación to third
Marcus Shill to second
Batting: RHB Emílio Agramónte 0-0: Called Strike
0-1: Fly out, F9 (Flyball, 9, EV 88.8 MPH)
Runner from 3rd tags up, SCORES, throw by RF
Marcus Shill to third
Batting: LHB Badry Maksimenov 0-0: Ball
1-0: Called Strike
1-1: Ball
2-1: Ball
3-1: Base on Balls
Shunso Kiyomizu to second
Batting: SHB Nuygen Vuong 0-0: Swinging Strike
0-1: Swinging Strike
0-2: Strikes out looking
Batting: RHB Nick Bechtel 0-0: Foul Ball, location: 2F
0-1: Ball
1-1: Swinging Strike
1-2: SINGLE (Groundball, 56D, EV 98.8 MPH)
Marcus Shill scores
Friday, April 17th, 2020 - OOTP Baseball 20.8 Build 74